Map: [ESL] Cosmic Sapphire

Players

MaxPax - Winner!

  • Race: Protoss Protoss
  • League: Grandmaster
  • Spawn Location: 11:00

Serral

  • Race: Zerg Zerg
  • League: Master
  • Spawn Location: 5:00

VOD

Have the link to the VOD?

Description

Time

  • Played on: Nov. 4, 2022, 11:32 a.m.
  • Length: 16:03
Show
View Real Time Build Order
Export as new Build Order

MaxPax Protoss - Winner!

Build Orders: 1 Gate Expand, Carriers, Mass Phoenix 

Get SALT Encoding   

  12  0:00  Probe  
  13  0:12  Probe  
  14  0:20  Pylon  
  14  0:24  Probe  
  15  0:38  Probe (Chrono Boost)  
  15  0:40  Gateway  
  16  0:47  Probe (Chrono Boost), Assimilator  
  17  0:52  Probe (Chrono Boost)  
  18  1:04  Probe  
  19  1:16  Probe  
  20  1:23  Nexus  
  20  1:31  Cybernetics Core  
  20  1:34  Probe  
  20  1:39  Assimilator  
  21  1:46  Probe  
  22  1:49  Pylon  
  22  1:58  Probe (Chrono Boost)  
  23  2:07  Adept  
  25  2:10  Probe (Chrono Boost)  
  25  2:11  Stargate  
  26  2:15  Probe (Chrono Boost)  
  26  2:21  Warp Gate  
  27  2:25  Probe (Chrono Boost)  
  28  2:34  Probe (Chrono Boost)  
  30  2:37  Probe (Chrono Boost)  
  30  2:38  Adept  
  34  2:44  Probe x2 (Chrono Boost)  
  34  2:50  Probe (Chrono Boost)  
  34  2:51  Probe  
  40  2:59  Void Ray (Chrono Boost)  
  40  3:02  Probe  
  40  3:03  Probe  
  40  3:04  Pylon  
  42  3:14  Probe  
  42  3:16  Probe  
  44  3:26  Probe  
  45  3:28  Probe  
  45  3:33  Nexus  
  46  3:37  Pylon  
  46  3:38  Probe  
  46  3:40  Probe (Chrono Boost)  
  48  3:43  Assimilator  
  48  3:45  Assimilator  
  48  3:50  Probe (Chrono Boost)  
  50  3:58  Probe (Chrono Boost)  
  50  4:00  Probe (Chrono Boost)  
  51  4:05  Probe x2 (Chrono Boost)  
  53  4:12  Stalker  
  53  4:15  Stargate  
  53  4:16  Stargate  
  56  4:17  Probe (Chrono Boost)  
  56  4:21  Probe (Chrono Boost)  
  57  4:26  Shield Battery  
  57  4:27  Probe (Chrono Boost)  
  57  4:30  Probe (Chrono Boost), Pylon  
  59  4:31  Probe (Chrono Boost)  
  60  4:44  Probe (Chrono Boost)  
  62  4:45  Probe (Chrono Boost)  
  62  4:46  Phoenix (Chrono Boost)  
  62  4:48  Probe (Chrono Boost)  
  62  4:50  Assimilator  
  66  4:54  Assimilator  
  66  4:55  Probe (Chrono Boost)  
  66  4:56  Probe (Chrono Boost)  
  66  4:57  Probe (Chrono Boost)  
  72  5:00  Probe (Chrono Boost)  
  72  5:01  Pylon  
  72  5:02  Phoenix x2 (Chrono Boost)  
  72  5:04  Probe  
  72  5:05  Phoenix (Chrono Boost)  
  76  5:07  Adept, Probe  
  76  5:10  Protoss Air Weapons Level 1  
  76  5:11  Shield Battery  
  76  5:12  Probe  
  80  5:17  Probe  
  80  5:19  Probe  
  82  5:24  Probe  
  87  5:28  Phoenix (Chrono Boost)  
  87  5:29  Probe  
  87  5:31  Phoenix (Chrono Boost), Probe  
  87  5:33  Phoenix (Chrono Boost)  
  91  5:36  Probe  
  91  5:41  Probe  
  93  5:44  Pylon  
  93  5:46  Pylon  
  93  5:47  Phoenix (Chrono Boost), Probe  
  92  5:55  Probe  
  93  6:01  Phoenix (Chrono Boost)  
  93  6:02  Pylon  
  93  6:03  Forge  
  96  6:06  Pylon  
  96  6:09  Phoenix x2 (Chrono Boost)  
  98  6:17  Phoenix (Chrono Boost)  
  98  6:25  Probe  
  100  6:27  Phoenix  
  100  6:29  Fleet Beacon  
  102  6:35  Phoenix  
  104  6:42  Nexus, Zealot, Phoenix  
  104  6:43  Pylon  
  109  6:52  Phoenix  
  109  6:59  Nexus  
  109  7:00  Phoenix, Photon Cannon  
  111  7:01  Pylon  
  111  7:03  Probe  
  111  7:07  Phoenix  
  114  7:11  Anion Pulse-Crystals (Chrono Boost)  
  114  7:15  Probe  
  115  7:16  Phoenix, Probe  
  115  7:20  Photon Cannon  
  115  7:21  Probe  
  115  7:22  Stargate  
  119  7:27  Phoenix, Probe  
  119  7:29  Probe  
  123  7:30  Protoss Air Weapons Level 2 (Chrono Boost)  
  123  7:33  Zealot, Probe  
  126  7:38  Gateway  
  126  7:39  Probe  
  126  7:41  Probe  
  128  7:47  Phoenix  
  128  7:48  Phoenix  
  128  7:50  Probe  
  127  7:54  Phoenix  
  127  7:56  Probe x2  
  131  8:03  Probe  
  130  8:08  Probe x2  
  130  8:11  Probe  
  130  8:12  Phoenix (Chrono Boost)  
  135  8:13  Phoenix (Chrono Boost)  
  135  8:15  Probe  
  135  8:19  Phoenix (Chrono Boost)  
  140  8:20  Probe  
  140  8:21  Phoenix (Chrono Boost)  
  140  8:23  Probe  
  140  8:26  Probe  
  135  8:30  Twilight Council  
  135  8:32  Zealot  
  135  8:33  Gateway  
  137  8:35  Phoenix (Chrono Boost), Gateway  
  137  8:36  Probe x2  
  137  8:37  Gateway  
  137  8:38  Phoenix (Chrono Boost), Assimilator  
  137  8:39  Gateway, Assimilator  
  137  8:40  Protoss Ground Weapons Level 1 (Chrono Boost)  
  143  8:44  Zealot  
  143  8:48  Phoenix  
  145  8:51  Phoenix  
  145  8:54  Phoenix  
  151  8:59  Nexus  
  147  9:19  Charge (Chrono Boost)  
  143  9:25  Templar Archives  
  143  9:27  Probe  
  143  9:28  Probe  
  143  9:29  Pylon  
  155  9:33  Unknown  
  155  9:34  Carrier (Chrono Boost)  
  145  9:40  Carrier (Chrono Boost)  
  141  9:46  Photon Cannon  
  141  9:47  Photon Cannon  
  141  9:49  Photon Cannon x2  
  141  9:50  Shield Battery x2  
  141  9:51  Shield Battery  
  141  9:54  Photon Cannon  
  141  9:55  Photon Cannon, Pylon  
  141  9:56  Carrier (Chrono Boost)  
  141  10:04  Stalker x3  
  143  10:11  Zealot x2  
  143  10:12  Zealot  
  148  10:15  Protoss Air Weapons Level 3 (Chrono Boost)  
  148  10:18  Probe  
  148  10:19  Pylon  
  149  10:26  Nexus  
  155  10:31  Gateway  
  155  10:33  Gateway  
  155  10:35  Pylon  
  154  10:40  Pylon  
  154  10:42  Zealot x6  
  165  10:53  Protoss Ground Weapons Level 2 (Chrono Boost)  
  169  10:58  Nexus  
  169  11:04  Pylon  
  177  11:08  Carrier (Chrono Boost), Probe  
  177  11:10  Carrier x2 (Chrono Boost)  
  184  11:11  High Templar x2  
  184  11:15  Photon Cannon  
  184  11:16  Archon  
  184  11:17  Photon Cannon  
  188  11:22  Stalker x4  
  190  11:32  Zealot x2  
  186  11:45  High Templar x4  
  193  11:49  Archon  
  193  11:53  Archon  
  187  11:58  High Templar  
  186  12:03  Pylon  
  186  12:04  High Templar  
  188  12:12  Probe  
  188  12:14  Archon  
  185  12:25  Photon Cannon  
  185  12:26  High Templar x4  
  185  12:27  Sentry  
  189  12:31  Archon x2, Photon Cannon  
  189  12:35  Zealot x2  
  187  12:41  Gateway  
  187  12:42  Gateway x2  
  187  12:43  Nexus, Gateway, Pylon  
  187  12:44  Pylon  
  187  12:45  Probe, Pylon  
  187  12:50  Probe  
  178  12:52  Probe  
  178  12:56  Zealot x4  
  183  13:11  Carrier (Chrono Boost)  
  197  13:20  Carrier (Chrono Boost), Probe  
  197  13:21  Carrier (Chrono Boost), Probe  
  197  13:22  Probe  
  197  13:25  Shield Battery, Photon Cannon  
  197  13:26  Photon Cannon  
  200  13:29  Photon Cannon  
  200  13:31  Pylon  
  200  13:34  Robotics Facility  
  196  13:36  Protoss Air Armor Level 1 (Chrono Boost)  
  190  13:48  Assimilator  
  190  13:49  High Templar x3  
  190  13:50  Assimilator, High Templar  
  190  13:51  Zealot  
  190  13:54  Archon  
  190  13:55  Archon  
  190  14:09  Probe  
  189  14:15  Zealot x5, Pylon  
  199  14:17  Nexus  
  197  14:25  Zealot x3  
  173  14:41  Carrier (Chrono Boost)  
  159  14:49  Zealot x3  
  159  14:50  Carrier (Chrono Boost)  
  155  14:59  Zealot x3  
  161  15:05  Probe x2  
  159  15:10  Zealot x2  
  159  15:11  Zealot  
  159  15:13  Probe  
  166  15:16  Zealot  
  162  15:31  High Templar x8  
  162  15:33  Probe  
  162  15:35  Archon x3  
Show
View Real Time Build Order
Export as new Build Order

Serral Zerg 

Build Orders: Hatch First 

Get SALT Encoding   

  12  0:00  Drone  
  13  0:11  Overlord  
  13  0:16  Drone  
  14  0:30  Drone x2  
  16  0:47  Hatchery  
  15  0:50  Drone  
  15  0:53  Drone  
  17  0:57  Drone  
  18  1:07  Extractor  
  17  1:12  Spawning Pool  
  17  1:16  Drone  
  17  1:19  Drone  
  18  1:27  Drone  
  19  1:37  Drone  
  20  1:48  Overlord  
  20  1:59  Queen x2  
  20  2:00  Zergling x4  
  26  2:10  Drone x2  
  28  2:21  Drone x2  
  28  2:22  Metabolic Boost  
  30  2:33  Hatchery  
  30  2:35  Drone  
  30  2:37  Drone  
  30  2:44  Queen  
  31  2:48  Overlord  
  31  2:51  Drone  
  34  2:53  Drone  
  34  2:55  Drone  
  36  3:03  Overlord  
  36  3:06  Queen  
  36  3:09  Drone x2  
  40  3:14  Drone x2  
  40  3:16  Drone  
  40  3:19  Drone  
  44  3:22  Queen  
  44  3:25  Drone  
  47  3:30  Overlord  
  47  3:36  Overlord  
  47  3:40  Drone  
  48  3:41  Drone  
  48  3:48  Queen  
  51  3:52  Zergling x4  
  51  3:55  Drone x6  
  59  3:58  Overlord  
  59  4:01  Drone  
  60  4:06  Spore Crawler  
  60  4:07  Zergling x2  
  60  4:08  Spore Crawler, Drone  
  60  4:11  Drone x2  
  60  4:12  Zergling x2  
  60  4:15  Drone  
  63  4:18  Overlord  
  63  4:19  Drone  
  63  4:23  Drone  
  65  4:29  Zergling x2, Roach Warren  
  65  4:31  Drone x4  
  65  4:38  Zergling x2  
  70  4:41  Lair  
  70  4:43  Drone x2, Extractor  
  71  4:46  Overlord  
  71  4:48  Drone x2  
  73  4:55  Zergling x2  
  73  4:58  Overlord  
  74  5:02  Overlord  
  74  5:03  Hatchery  
  74  5:06  Drone x2  
  74  5:08  Drone x7  
  81  5:14  Extractor  
  81  5:15  Extractor  
  81  5:16  Extractor  
  81  5:20  Extractor  
  81  5:21  Zergling x2  
  78  5:22  Drone x7, Evolution Chamber  
  84  5:30  Queen  
  84  5:31  Queen  
  84  5:32  Overlord  
  89  5:35  Drone  
  89  5:36  Drone x3  
  91  5:44  Spire  
  91  5:45  Drone x4  
  91  5:47  Drone  
  94  5:51  Glial Reconstitution  
  94  5:52  Zerg Missile Weapons Level 1  
  94  5:55  Overlord  
  94  5:59  Zergling x6  
  94  6:01  Drone x4  
  101  6:05  Queen  
  101  6:09  Spore Crawler  
  101  6:12  Overlord x2  
  101  6:13  Drone x3  
  101  6:18  Drone x3  
  103  6:23  Drone  
  100  6:28  Spore Crawler  
  100  6:32  Queen x3  
  99  6:38  Spore Crawler  
  99  6:39  Drone x6  
  106  6:44  Extractor  
  106  6:45  Spore Crawler, Drone x3, Extractor  
  103  6:48  Drone x2  
  103  6:53  Drone x3  
  106  6:58  Drone x3  
  105  7:01  Overlord  
  105  7:06  Corruptor x3  
  110  7:12  Corruptor x3  
  114  7:17  Corruptor  
  114  7:20  Extractor, Overlord  
  114  7:22  Corruptor  
  115  7:23  Corruptor  
  115  7:27  Corruptor  
  121  7:31  Corruptor x2  
  121  7:35  Zergling x2  
  126  7:41  Corruptor x3  
  126  7:43  Drone  
  132  7:46  Overlord  
  128  7:52  Corruptor x4  
  130  8:07  Corruptor x4  
  134  8:13  Overlord  
  134  8:15  Overlord x3  
  126  8:20  Extractor  
  126  8:21  Spore Crawler  
  126  8:26  Drone x5  
  125  8:27  Drone x3  
  125  8:30  Corruptor x2  
  133  8:36  Infestation Pit, Zerg Flyer Armor Level 1  
  133  8:38  Drone x4  
  133  8:40  Zergling x4  
  138  8:48  Corruptor x3  
  144  8:59  Zergling x16  
  144  9:02  Hatchery  
  150  9:05  Drone x2  
  150  9:06  Drone  
  150  9:13  Corruptor x3  
  150  9:14  Corruptor  
  154  9:21  Hive  
  154  9:26  Overlord  
  154  9:28  Roach x2  
  150  9:41  Corruptor x5  
  150  9:42  Spore Crawler  
  155  9:48  Hatchery  
  155  9:52  Overlord x2  
  154  9:53  Overlord  
  154  9:55  Zergling x8, Zerg Ground Armor Level 1  
  154  9:57  Corruptor  
  160  10:05  Corruptor x2  
  155  10:12  Roach x5  
  164  10:18  Drone x2  
  164  10:19  Drone  
  164  10:20  Extractor x2  
  165  10:24  Roach  
  165  10:25  Roach x4  
  165  10:26  Baneling Nest  
  174  10:34  Greater Spire  
  177  10:38  Drone x2  
  177  10:39  Evolution Chamber  
  177  10:43  Roach x3  
  177  10:44  Roach x3  
  189  10:54  Roach x6  
  200  11:03  Adrenal Glands  
  197  11:05  Zerg Melee Weapons Level 1  
  197  11:06  Overlord  
  197  11:11  Spine Crawler x2  
  195  11:12  Centrifugal Hooks  
  195  11:13  Baneling x8  
  200  11:22  Corruptor x2  
  197  11:37  Corruptor x2  
  198  11:48  Corruptor  
  198  11:52  Extractor, Zerg Ground Armor Level 2  
  198  11:53  Spore Crawler  
  198  11:54  Extractor  
  197  12:00  Viper  
  198  12:19  Viper  
  198  12:21  Zerg Flyer Armor Level 2  
  191  12:24  Spire  
  191  12:25  Ultralisk Cavern  
  177  12:41  Zergling x2  
  177  12:42  Zergling x16  
  186  12:47  Zergling x6  
  186  12:48  Zergling x2  
  183  12:53  Ravager x6  
  183  12:56  Roach x5  
  173  13:13  Roach x11  
  173  13:17  Baneling  
  191  13:27  Zerg Melee Weapons Level 2  
  191  13:30  Corruptor x3  
  191  13:32  Chitinous Plating  
  190  13:39  Zerg Flyer Weapons Level 1  
  183  13:41  Drone  
  183  13:42  Drone x2  
  183  13:43  Drone x7  
  180  14:05  Zergling x28  
  186  14:24  Baneling x6  
  175  14:35  Roach x11  
  171  14:42  Corruptor x15  
  177  14:47  Roach x3  
  177  14:51  Anabolic Synthesis  
  151  14:53  Roach x3  
  148  15:01  Roach x9  
  158  15:08  Roach  
  158  15:11  Ravager x10  
  157  15:21  Roach x3  
  157  15:22  Roach  
  153  15:31  Roach x4  
  144  15:44  Zergling x18  
Tags
 
Add a new tag
Caveats
  • Supply blocks, unpowered buildings, or Contaminate may cause inaccurate times.
  • Supply counts are checked every 10 seconds.